 Dungeon Crawl Stone Soup version 0.31-a0-7-g51783674b7 (webtiles) character file.

Game seed: 8365839764370637966

83 sircluck the Chopper (level 4, -2/36 (40) HPs)
             Began as a Hill Orc Fighter on May 5, 2023.
             Succumbed to a goblin's poison
             ... on level 3 of the Dungeon.
             The game lasted 00:02:37 (1793 turns).

sircluck the Chopper (Hill Orc Fighter)             Turns: 1793, Time: 00:02:38

HP:   -2/36 (40)    AC:  9    Str: 20    XL:     4   Next: 44%
MP:   4/4           EV:  7    Int:  8    God:
Gold: 169           SH:  4    Dex: 10    Spells: 3/3 levels left

rFire   . . .        a - +0 war axe
rCold   . . .        c - +0 buckler
rNeg    . . .        e - +0 chain mail
rPois   .            (no helmet)
rElec   .            (no cloak)
rCorr   .            (no gloves)
SInv    .            (no boots)
Will    .....        (no amulet) Stlth
                     (no ring)
HPRegen 0.26/turn    (no ring)
MPRegen 0.09/turn

%: no passive effects
@: lethally poisoned (-2 -> -16), heavily drained
A: no striking features
a: no special abilities


You were on level 3 of the Dungeon.
You visited 1 branch of the dungeon, and saw 3 of its levels.

You collected 169 gold pieces.

Inventory:

Hand Weapons
 a - a +0 war axe (weapon)
Missiles
 p - 2 curare-tipped darts (quivered)
 s - 4 boomerangs
Armour
 b - a +0 scale mail
 c - a +0 buckler (worn)
 e - a +0 chain mail (worn)
Jewellery
 o - the ring "Loysyall" {rF+ Int+3}
   (You took it off a hobgoblin on level 2 of the Dungeon)

   [ring of protection from fire]

   Int:       It affects your intelligence (+3).
   rF:        It protects you from fire.
 u - a ring of fire
 x - a +6 ring of intelligence
Wands
 w - a wand of acid (6)
Scrolls
 j - a scroll of poison {unknown}
 k - 2 scrolls of fog {unknown}
 l - a scroll of magic mapping {unknown}
 m - 3 scrolls of noise {unknown}
 q - 4 scrolls of identify {unknown}
 r - a scroll of teleportation {unknown}
 t - a scroll of torment {unknown}
Potions
 d - a potion of might
 f - 3 potions of brilliance {unknown}
 g - a potion of cancellation {unknown}
 h - 2 potions of degeneration {unknown}
 i - 2 potions of curing {unknown}
 n - a potion of invisibility {unknown}
 v - a potion of berserk rage {unknown}


   Skills:
 + Level 4.1 Fighting
 + Level 4.3 Axes
 + Level 3.7 Armour
 + Level 0.2 Dodging
 + Level 4.0 Shields


You had 3 spell levels left.
You didn't know any spells.
Your spell library was empty.

Dungeon Overview and Level Annotations

Branches:
Dungeon (3/15)

Altars:


Message History

You hit the goblin but do no damage.
You feel very sick. The goblin barely misses you.
A goblin is nearby!
A goblin is nearby!
You closely miss the goblin.
You feel sick.
The goblin hits you with a +1 dagger of venom. x2
You are more poisoned.
A goblin is nearby!
A goblin is nearby!
You closely miss the goblin.
You feel very sick. The goblin hits you but does no damage.
You are lethally poisoned!
There is a lethal amount of poison in your body!
You hit the goblin.
The goblin is severely wounded.
You feel very sick.
The goblin hits you with a +1 dagger of venom.
You are more poisoned.
There is a lethal amount of poison in your body!
You are too injured to fight recklessly!
There is a lethal amount of poison in your body!
There is a lethal amount of poison in your body!
You are too injured to fight recklessly!
There is a lethal amount of poison in your body!
You are too injured to fight recklessly!
There is a lethal amount of poison in your body!
You are too injured to fight recklessly!
There is a lethal amount of poison in your body!
You hit the goblin.
You kill the goblin!
* * * LOW HITPOINT WARNING * * *
You feel extremely sick.
A bat comes into view.
* * * LOW HITPOINT WARNING * * *
You feel very sick.
Things that are here:
a +1 dagger of venom; a +0 sling You die...

##...#####...
##.##.# ##.# ######
#.....###### #....#
#.#......# # #....#
##.#......# #
#....###..#......# #
#........###....####
#...)##### #.##..<.>
#..@.# #.#...##.
#....# #.#...#..
#....# #.#.....#
#.b..# ##.#...#..
#....# #..#.....#
..#### #.##....##
... #####.##.<.###
#... ..............
######.#.......


You could see a bat.

Vanquished Creatures
  A gnoll (D:1)
  An adder (D:2)
  A dart slug (D:2)
  2 orcs (D:3)
  4 endoplasms
  2 giant cockroaches
  8 goblins
  6 hobgoblins
  6 jackals
  9 kobolds
  2 quokkas
  3 ball pythons
  3 bats
  4 frilled lizards
  5 rats
57 creatures vanquished.

Notes
Turn   | Place    | Note
-------+----------+-------------------------------------------
     0 | D:1      | sircluck the Hill Orc Fighter began the quest for the Orb.
     0 | D:1      | Reached XP level 1. HP: 19/19 MP: 1/1
   142 | D:1      | Reached XP level 2. HP: 24/27 MP: 2/2
   391 | D:1      | Reached XP level 3. HP: 32/33 MP: 3/3
   692 | D:2      | Identified the ring "Loysyall" {rF+ Int+3}
   936 | D:2      | Reached XP level 4. HP: 38/40 MP: 4/4
  1567 | D:3      | Found a faded altar of an unknown god.
  1793 | D:3      | Succumbed to a goblin's poison

Illustrated notes

Levels and vault maps discovered:
D:1:      lemuel_arrival_muddy, layout_rooms,
          wander_ebering_terrifying_dragon_lair
D:2:      layout_basic
D:3:      layout_rooms, shapermc_ecumenical_altar_pompeii,
          minmay_misc_feat_tower

Skill      XL: |  1  2  3  4 |
---------------+-------------+-----
Shields        | 4 |  4.0
Axes           | 3 4 |  4.3
Fighting       | 4 |  4.1
Armour         | |  3.7
Dodging        | |  0.2

Action                     |  1- 3 |  4- 6 || total
---------------------------+-------+-------++-------
  Melee: War axe           |   101 |    64 ||   165
 Armour: Chain mail        |    72 |    33 ||   105
  Dodge: Dodged            |    41 |    32 ||    73
  Block: Buckler           |    27 |    16 ||    43

Table legend: (Time is in decaauts)
 A = Elapsed time spent in this place.
 B = Non-inter-level travel time spent in this place.
 C = Inter-level travel time spent in this place.
 D = Time resting spent in this place.
 E = Time spent auto-exploring this place.
 F = Levels seen in this place.
 G = Mean time per level.
                   A        B        C        D        E       F      G
               +--------+--------+--------+--------+--------+-----+--------+
         Total |   1855 |   1724 |    131 |      0 |   1255 |   3 |  618.3 |
       Dungeon |   1855 |   1724 |    131 |      0 |   1255 |   3 |  618.3 |
               +--------+--------+--------+--------+--------+-----+--------+

Top non-repeatable levels by time:
     D:2: 735 daAuts
     D:1: 650 daAuts
     D:3: 469 daAuts
